 Dungeon Crawl Stone Soup version 0.30-a0-170-g85af917532 (webtiles) character file.

Game seed: 5832615495658357140

508 NinjaNoafa the Chiller (level 6, -1/47 HPs)
             Began as a Draconian Ice Elementalist on Sept 30, 2022.
             Slain by a phantom (4 damage)
             ... on level 4 of the Dungeon.
             The game lasted 00:07:14 (4241 turns).

NinjaNoafa the Chiller (Draconian Ice Elementalist) Turns: 4241, Time: 00:07:14

Health: -1/47      AC:  8    Str: 11    XL:     6   Next: 98%
Magic:  0/10       EV: 12    Int: 17    God:
Gold:   161        SH:  0    Dex: 11    Spells: 10/11 levels left

rFire   . . .      SeeInvis .    f - +2 dagger (drain)
rCold   + . .      Faith    .    (no shield)
rNeg    . . .      Spirit   .    (body armour unavailable)
rPois   .          Reflect  .    (helmet restricted)
rElec   .          Harm     .    k - +0 cloak
rCorr   .          Rampage  .    d - +0 pair of gloves
Will    .....                    (no boots)
Stlth   ++........               (no amulet)
HPRegen 0.15/turn                r - ring of protection from cold
MPRegen 0.12/turn                (no ring)

@: no status effects
A: AC +6, unfitting armour, cold-blooded
a: no special abilities


You were on level 4 of the Dungeon.
You visited 1 branch of the dungeon, and saw 4 of its levels.

You collected 161 gold pieces.

Inventory:

Hand Weapons
 f - a +2 dagger of draining (weapon)
Missiles
 h - 25 stones
 p - 5 boomerangs
 v - 6 javelins
Armour
 d - a +0 pair of gloves (worn)
 k - a +0 cloak (worn)
Jewellery
 r - a ring of protection from cold (left hand)
Wands
 a - a wand of roots (2) (quivered)
Scrolls
 b - a scroll of amnesia
 i - 2 scrolls of teleportation {unknown}
 j - 2 scrolls of blinking {unknown}
Potions
 n - a potion of haste
 o - 2 potions of lignification
 q - a potion of flight


   Skills:
 - Level 1.0 Fighting
 - Level 1.7 Dodging
 - Level 1.7 Stealth
 - Level 3.0 Spellcasting
 - Level 3.0 Summonings
 + Level 1.4 Translocations
 - Level 7.0 Ice Magic


You had 10 spell levels left.
You knew the following spells:

 Your Spells              Type           Power      Damage    Failure   Level
a - Freeze                Ice            100%       1d11      1%          1

Your spell library contained the following spells:

 Spells                   Type           Power      Damage    Failure   Level
 Frozen Ramparts          Ice            52%        1d8       3%          3
 Ozocubu's Armour         Ice            26%        N/A       3%          3
 Apportation              Tloc           14%        N/A       10%         1
 Summon Ice Beast         Ice/Summ       19%        N/A       22%         4
 Cigotuvi's Dreadful Rot  Necr/Pois/Air  4%         N/A       26%         2
 Poisonous Vapours        Pois/Air       4%         N/A       26%         2
 Gell's Gravitas          Tloc           7%         N/A       28%         3
 Lesser Beckoning         Tloc           7%         N/A       28%         3
 Teleport Other           Tloc           7%         N/A       28%         3
 Alistair's Intoxication  Tmut/Pois      1%         N/A       99%         5


Dungeon Overview and Level Annotations

Branches:
Dungeon (4/15)
 Temple: D:4-7

Altars:
Dithmenos
Makhleb


Innate Abilities, Weirdness & Mutations

Your plain brown scales are hard. (AC +6)
You cannot fit into any form of body armour.
You are cold-blooded and may be slowed by cold attacks.


Message History

The phantom hits you but does no damage.
Casting: Freeze (safe; 1% risk of failure)
Confirm with . or Enter, or press ? or * to list all spells.
Aiming: Freeze (safe; 1% risk of failure)
Press: ? - help, Shift-Dir - straight line, f/p - phantom
Aim: a phantom (almost destroyed)
You freeze the phantom.
The phantom resists.
The phantom is almost destroyed.
The phantom hits you.
* * * LOW HITPOINT WARNING * * *
The phantom blinks!
You blink.
Okay, then.
Throw: 5 boomerangs
Press: ? - help, Q - select action, (/) - cycle Shift-Dir - straight line, f/p - phantom
Aim: a phantom (almost destroyed, 41% to hit)
You throw a boomerang. The boomerang hits the phantom.
The phantom is almost destroyed.
The phantom closely misses you.
Throw: 5 boomerangs
Press: ? - help, Q - select action, (/) - cycle Shift-Dir - straight line, f/p - phantom
Aim: a phantom (almost destroyed, 41% to hit)
You throw a boomerang. The boomerang misses the phantom.
The phantom hits you.
* * * LOW HITPOINT WARNING * * *
The phantom misses you.
Aiming: Fastroot
Press: ? - help, Q - select action, (/) - cycle Shift-Dir - straight line, f - iguana, p - phantom
Aim: an iguana The roots erupt in riotous growth!
Roots grab the iguana.
The grasping roots constrict the iguana.
The iguana struggles to escape constriction.
The phantom barely misses you.
Aiming: Fastroot
Press: ? - help, Q - select action, (/) - cycle Shift-Dir - straight line, f - you, p - iguana The roots erupt in riotous growth!
The phantom is unaffected.
The grasping roots constrict the iguana.
The roots release their grip on the iguana.
The phantom hits you.
You die...

.........#*,#*,,,,,***,*
.###.###.##.#**,,,** *,*
<# #........# **,**
*,******* .# #.....####
*,* *,,,,,,,* .# #.###.#
*,* *******,****
.###.###.# ##+##
*,,,,,,* .#.......#
##...## *,*,**,*
.........# ##..W>.##
*,,,,,,* ##.#.#.#.#
##...@...#* **,,,**,*
*#.#.....###.........#
*,,,,,*,*
,..........'.....#####
*********
*#.##....###....l#
#.......# ##....##♣♣♣**
#####.###
##....'..♣,********
*#.$* ##.......♣,,**,,,*
#...* #......♣♣**,+,,,*
##.#* ##..+.♣♣ ***,,,*


You could see a phantom and an iguana.

Vanquished Creatures
  Grinder (D:3)
  An ogre (D:4)
  A hound (D:4)
  2 iguanas
  Jessica (D:3)
  4 adders
  A worm (D:2)
  4 dart slugs
  4 orcs
  7 ball pythons
  5 endoplasms (D:1)
  A giant cockroach (D:1)
  7 goblins
  3 hobgoblins
  3 jackals (D:1)
  A quokka (D:4)
  4 bats
  A frilled lizard (D:2)
  7 kobolds
  4 rats
62 creatures vanquished.

Vanquished Creatures (others)
  4 plants (D:1)
4 creatures vanquished.

Grand Total: 66 creatures vanquished

Notes
Turn   | Place    | Note
-------+----------+-------------------------------------------
     0 | D:1      | NinjaNoafa the Draconian Ice Elementalist began the quest
                  | for the Orb.
     0 | D:1      | Reached XP level 1. HP: 14/14 MP: 3/3
   285 | D:1      | Reached XP level 2. HP: 20/20 MP: 0/5
  1037 | D:1      | Reached XP level 3. HP: 26/26 MP: 4/7
  2266 | D:3      | Noticed Grinder
  2267 | D:3      | Paralysed by Grinder for 4 turns
  2495 | D:3      | Noticed Jessica
  2500 | D:3      | Killed Jessica
  2501 | D:3      | Reached skill level 5 in Ice Magic
  2501 | D:3      | Reached XP level 4. HP: 33/33 MP: 5/8
  2579 | D:3      | Found a burning altar of Makhleb.
  2681 | D:3      | Paralysed by Grinder for 4 turns
  2700 | D:3      | Paralysed by Grinder for 4 turns
  2712 | D:3      | Killed Grinder
  2713 | D:3      | Reached skill level 7 in Ice Magic
  2713 | D:3      | Reached XP level 5. HP: 5/39 MP: 7/9
  2713 | D:3      | Reached XP level 6. HP: 6/46 MP: 7/10
  3061 | D:3      | Found a faded altar of an unknown god.
  3183 | D:3      | Found a shadowy altar of Dithmenos.
  3306 | D:3      | Reached skill level 1 in Fighting
  3512 | D:4      | Reached skill level 1 in Summonings
  3889 | D:4      | Reached skill level 1 in Translocations
  4241 | D:4      | Slain by a phantom

Illustrated notes

Levels and vault maps discovered:
D:1:      kennysheep_arrival_seaside, layout_rooms, grunt_decor_fettered
D:2:      layout_basic
D:3:      layout_loops_ring, nicolae_overflow_hidden_temple, bloody_makhleb,
          dreamdust_ecumenical_altar_angels_and_demons, minivault_23,
          serial_park_tiny_2, uniq_jessica, uniq_grinder
D:4:      layout_loops_corners, grunt_tough_drop, uniq_crazy_yiuf_cottage

Skill      XL: |  1  2  3  4  5  6 |
---------------+-------------------+-----
Spellcasting   | 3 |  3.0
Ice Magic      | 5 7 |  7.0
Fighting       | 1 |  1.0
Summonings     | 3 |  3.0
Translocations | 1 |  1.4
Dodging        | |  1.7
Stealth        | |  1.7

Action                   |  1- 3 |  4- 6 || total
-------------------------+-------+-------++-------
Melee: Dagger            |    33 |    26 ||    59
       Tailslap          |     3 |     1 ||     4
       Punch             |       |     1 ||     1
Throw: Javelin           |       |     7 ||     7
       Boomerang         |       |     5 ||     5
 Cast: Freeze            |    66 |    59 ||   125
Evoke: Wand              |       |     3 ||     3
  Use: Potion            |     4 |     3 ||     7
       Scroll            |     4 |     8 ||    12
 Stab: Sleeping          |     1 |     1 ||     2
Armor: Skin              |    21 |    39 ||    60
Dodge: Dodged            |    64 |    43 ||   107

Table legend: (Time is in decaauts)
 A = Elapsed time spent in this place.
 B = Non-inter-level travel time spent in this place.
 C = Inter-level travel time spent in this place.
 D = Time resting spent in this place.
 E = Time spent auto-exploring this place.
 F = Levels seen in this place.
 G = Mean time per level.
                   A        B        C        D        E       F      G
               +--------+--------+--------+--------+--------+-----+--------+
         Total |   4231 |   4139 |     92 |      0 |   3499 |   4 | 1057.8 |
       Dungeon |   4231 |   4139 |     92 |      0 |   3499 |   4 | 1057.8 |
               +--------+--------+--------+--------+--------+-----+--------+

Top non-repeatable levels by time:
     D:1: 1191 daAuts
     D:3: 1151 daAuts
     D:2: 1112 daAuts
     D:4: 775 daAuts
